 Seeded DCSS version 0.27-a0-592-g0306a34022 (webtiles) character file.

Game seed: 7687974480113686581 (custom seed)

67 Pestilence the Chiller (level 4, 0/30 HPs)
             Began as a Demonspawn Ice Elementalist on Mar 10, 2021.
             Slain by a gnoll
             ... wielding a +0 club
              (9 damage)
             ... on level 2 of the Dungeon.
             The game lasted 00:02:16 (2694 turns).

Pestilence the Chiller (DsIE)                       Turns: 2694, Time: 00:02:17

Health: 0/30       AC:  8    Str: 14    XL:     4   Next: 0%
Magic:  1/8        EV: 12    Int: 19    God:
Gold:   50         SH:  0    Dex: 14    Spells: 2/9 levels left

rFire    . . .     SeeInvis .   e - +0 whip
rCold    . . .     Faith    .   (no shield)
rNeg     + . .     Spirit   .   a - +0 robe
rPois    .         Reflect  .   (no helmet)
rElec    .         Harm     .   (no cloak)
rCorr    .         Rampage  .   (no gloves)
Will     .....                  (no boots)
Stlth    ++........             (no amulet)
HPRegen  0.10/turn              h - +6 ring of strength
MPRegen  0.11/turn              g - ring of positive energy

@: ice-armoured, frozen ramparts
A: spiny 1, big brain 1
a: no special abilities


You were on level 2 of the Dungeon.
You visited 1 branch of the dungeon, and saw 2 of its levels.

You collected 50 gold pieces.

Inventory:

Hand Weapons
 e - a +0 whip (weapon)
Armour
 a - a +0 robe (worn)
 f - a +0 pair of boots
Jewellery
 g - a ring of positive energy (left hand)
 h - a +6 ring of strength (right hand)
Wands
 j - a wand of flame (8)
Scrolls
 b - 3 scrolls of identify {unknown}
 c - 2 scrolls of blinking {unknown}
 d - a scroll of teleportation {unknown}
Potions
 i - a potion of might {unknown}


   Skills:
 - Level 1.7 Dodging
 - Level 1.7 Stealth
 + Level 3.1 Spellcasting
 + Level 4.4 Ice Magic


You had 2 spell levels left.
You knew the following spells:

 Your Spells              Type           Power      Damage    Failure   Level
a - Freeze                Ice            76%        1d9       2%          1
b - Frozen Ramparts       Ice            38%        1d5       8%          3
c - Ozocubu's Armour      Ice            19%        N/A       8%          3

Your spell library contained the following spells:

 Spells                   Type           Power      Damage    Failure   Level
 Hailstorm                Conj/Ice       11%        3d5       52%         4
 Summon Ice Beast         Ice/Summ       11%        N/A       52%         4


Dungeon Overview and Level Annotations

Branches:
Dungeon (2/15)

Altars:
Fedhas
Makhleb


Innate Abilities, Weirdness & Mutations

You are partially covered in sharp spines.
You have an unusually large brain. (Int +2)


Message History

A gnoll comes into view. It is wielding a +0 halberd.
A gnoll is nearby!
A gnoll is nearby!
The gnoll shouts!
You hear a shout!
A gnoll comes into view. It is wielding a +0 halberd.
An adder comes into view.
A gnoll comes into view. It is wielding a +0 club.
The gnoll hits you but does no damage.
There is an escape hatch in the ceiling here.
Casting: Freeze (safe; 2% risk of failure)
Confirm with . or Enter, or press ? or * to list all spells.
You can't see any susceptible monsters within range! (Use Z to cast anyway.) Unknown command.
Casting: Freeze (safe; 2% risk of failure)
Confirm with . or Enter, or press ? or * to list all spells.
The spell is quite dangerous to cast (8% risk of failure)!
Continue anyway?
A film of ice covers your body! The gnoll closely misses you.
The gnoll is struck by your spines. The gnoll hits you but does no damage.
Casting: Ozocubu's Armour (quite dangerous; 8% risk of failure)
Confirm with . or Enter, or press ? or * to list all spells.
The spell is quite dangerous to cast (8% risk of failure)!
Continue anyway?
Casting: Frozen Ramparts (quite dangerous; 8% risk of failure)
Press: ? - help, Dir - look around, f - activate The walls around you are covered in ice.
The wall freezes the gnoll.
The gnoll hits you from afar with a +0 halberd!
Unknown command.
The wall freezes the gnoll.
The gnoll closely misses you.
The wall freezes the gnoll.
The gnoll hits you from afar with a +0 halberd!
* * * LOW HITPOINT WARNING * * *
Casting: Frozen Ramparts (quite dangerous; 8% risk of failure)
Confirm with . or Enter, or press ? or * to list all spells.
Aiming: Freeze (safe; 2% risk of failure)
Press: ? - help, Shift-Dir - straight line, f - gnoll
Aim: a gnoll, wielding a +0 club (moderately wounded)
You freeze the gnoll.
The gnoll is heavily wounded.
The wall freezes the gnoll.
The gnoll hits you with a +0 club!
You die...

.......##.# ... ...
..........########.# .....
..........#.....##.# .....
..........#.....##.####.....
..........#.................
###...###.#............#....
........#.#.........<..# .
###...#.#.#.....##.....#
......#.#.......@gg.._.##
...##.#.###.....##...)..########
...##.#.# ##....##..............
...##'#.####..................##
..............................#
...................#####......#
.....<.............# #......#
...................#####......#
......#+#.....................#


You could see 2 gnolls.

Vanquished Creatures
  3 adders (D:2)
  A worm (D:2)
  2 dart slugs
  2 leopard geckos (D:2)
  6 bats
  2 giant cockroaches (D:1)
  4 goblins (D:1)
  2 hobgoblins
  3 jackals (D:2)
  A kobold (D:2)
  2 quokkas (D:2)
  2 frilled lizards (D:2)
  A rat (D:1)
31 creatures vanquished.

Notes
Turn   | Place    | Note
-------+----------+-------------------------------------------
     0 | D:1      | Pestilence the Demonspawn Ice Elementalist began the quest
                  | for the Orb.
     0 | D:1      | Reached XP level 1. HP: 13/13 MP: 3/3
    84 | D:1      | Gained mutation: You have an unusually large brain. (Int
                  | +2) [demonic ancestry]
    84 | D:1      | Reached XP level 2. HP: 3/19 MP: 0/5
   842 | D:1      | You fall into a shaft and drop 1 floor!
  1108 | D:2      | Found a faded altar of an unknown god.
  1142 | D:2      | Reached skill level 4 in Ice Magic
  1661 | D:2      | Found a blossoming altar of Fedhas.
  1722 | D:2      | Reached XP level 3. HP: 22/24 MP: 5/7
  1727 | D:2      | Learned a level 3 spell: Frozen Ramparts
  1749 | D:2      | Learned a level 3 spell: Ozocubu's Armour
  1804 | D:2      | Found a burning altar of Makhleb.
  2302 | D:2      | Gained mutation: You are partially covered in sharp spines.
                  | [demonic ancestry]
  2302 | D:2      | Reached XP level 4. HP: 22/30 MP: 4/8
  2694 | D:2      | Slain by a gnoll

Illustrated notes

Levels and vault maps discovered:
D:1:      tarquinn_simple_flora_water_f, layout_loops_ring,
          kennysheep_pointless_box, serial_bayou_pond_e
D:2:      layout_basic, bloody_makhleb, nicolae_overflow_crystal_walls,
          chequers_ecumenical_altar_island

Skill      XL: |  1  2  3 |
---------------+----------+-----
Ice Magic      | 4 |  4.4
Spellcasting   | 3 |  3.1
Dodging        | |  1.7
Stealth        | |  1.7

Action                   |  1- 3 |  4- 6 || total
-------------------------+-------+-------++-------
Melee: Unarmed           |    30 |       ||    30
       Whip              |    25 |       ||    25
 Cast: Freeze            |    50 |     1 ||    51
       Ozocubu's Armour  |       |     1 ||     1
       Frozen Ramparts   |       |     1 ||     1
Armor: Robe              |    17 |     1 ||    18
Dodge: Dodged            |    66 |     2 ||    68

Table legend: (Time is in decaauts)
 A = Elapsed time spent in this place.
 B = Non-inter-level travel time spent in this place.
 C = Inter-level travel time spent in this place.
 D = Time resting spent in this place.
 E = Time spent auto-exploring this place.
 F = Levels seen in this place.
 G = Mean time per level.
                   A        B        C        D        E       F      G
               +--------+--------+--------+--------+--------+-----+--------+
         Total |   2698 |   2698 |      0 |   1360 |   1018 |   2 | 1349.0 |
       Dungeon |   2698 |   2698 |      0 |   1360 |   1018 |   2 | 1349.0 |
               +--------+--------+--------+--------+--------+-----+--------+

Top non-repeatable levels by time:
     D:2: 1856 daAuts
     D:1: 842 daAuts
